 Dungeon Crawl Stone Soup version 0.30.1-11-g7821555f0a (webtiles) character file.

Game seed: 3039384979534863009

849 GimliDwarf the Firebug (level 8, -1/63 HPs)
             Began as a Tengu Fire Elementalist on Jan 2, 2024.
             Slain by an orc
             ... wielding a +0 hand axe
              (4 damage)
             ... on level 6 of the Dungeon.
             The game lasted 00:16:11 (4758 turns).

GimliDwarf the Firebug (Tengu Fire Elementalist)    Turns: 4758, Time: 00:16:12

Health: -1/63      AC: 24    Str: 15    XL:     8   Next: 1%
Magic:  15/16      EV:  2    Int: 18    God:
Gold:   253        SH:  0    Dex: 14    Spells: 11/16 levels left

rFire   . . .        o - +1 falchion (flame)
rCold   . . .        (no shield)
rNeg    . . .        a - melded +0 robe
rPois   +            (helmet currently unavailable)
rElec   .            (cloak currently unavailable)
rCorr   .            (gloves currently unavailable)
SInv    .            (boots unavailable)
Will    .....        (no amulet)
Stlth   ++           i - +6 ring of strength
HPRegen 0.30/turn    (no ring)
MPRegen 0.15/turn

%: no passive effects
@: tree-form, slowed, very slow
A: stationary, stasis, torment immunity, boosted hp, (beak), (talons 3), nimble
flight
a: no special abilities


You were on level 6 of the Dungeon.
You were a tree.
You visited 1 branch of the dungeon, and saw 6 of its levels.

You collected 253 gold pieces.

Inventory:

Hand Weapons
 o - a +1 falchion of flaming (weapon)
Missiles
 p - 3 atropa-tipped darts
Armour
 a - a +0 robe (melded)
Magical Staves
 v - a staff of poison
Jewellery
 i - a +6 ring of strength (left branch)
Wands
 n - a wand of iceblast (4)
Scrolls
 d - a scroll of summoning
 e - a scroll of teleportation
 h - a scroll of vulnerability
 j - a scroll of poison
 k - a scroll of amnesia
 s - a scroll of enchant weapon
Potions
 b - 2 potions of magic
 c - a potion of ambrosia
 f - 3 potions of brilliance
 g - a potion of lignification
 l - 3 potions of curing
 m - a potion of flight {unknown}
 r - a potion of attraction {unknown}
 u - a potion of invisibility {unknown}


   Skills:
 - Level 0.7 Fighting
 + Level 0.2 Long Blades
 * Level 2.4 Armour
 + Level 3.4 Dodging
 - Level 2.2 Stealth
 * Level 4.8 Spellcasting
 * Level 5.3 Conjurations
 * Level 5.8 Fire Magic
 * Level 0.9 Air Magic


You had 11 spell levels left.
You knew the following spells:

 Your Spells              Type           Power      Damage    Failure   Level
a - Foxfire               Conj/Fire      96%        2x1d8     1%          1
b - Scorch                Fire           50%        2d7       1%          2
c - Static Discharge      Conj/Air       30%        2-4/arc   5%          2

Your spell library contained the following spells:

 Spells                   Type           Power      Damage    Failure   Level
 Inner Flame              Hex/Fire       14%        N/A       12%         3
 Volatile Blastmotes      Fire/Tloc      28%        2d12      12%         3
 Flame Wave               Conj/Fire      24%        2d8       14%         4
 Poisonous Vapours        Pois/Air       10%        N/A       17%         2
 Mephitic Cloud           Conj/Pois/Air  11%        N/A       17%         3
 Airstrike                Air            3%         2d(1-17)  67%         4
 Summon Lightning Spire   Summ/Air       5%         N/A       75%         4
 Freezing Cloud           Conj/Ice/Air   5%         6-21      85%         5


Dungeon Overview and Level Annotations

Branches:
Dungeon (6/15)
 Temple: D:4-7

Altars:
Cheibriados
Okawaru
Xom


Innate Abilities, Weirdness & Mutations

You are a tree.
Your roots penetrate the ground, keeping you stationary.
You cannot be teleported.
You are immune to unholy pain and torment.
Your maximum health is greatly increased.
Your equipment is partially melded.
((You have a beak for a mouth.))
((You have claws for feet.))
Your magical nature lets you fly swiftly and evasively.


Message History

You feel yourself slow down.
It was a potion of curing.
You feel better. The hound bites you. x2
* * * LOW HITPOINT WARNING * * *
The orc hits you with a +0 hand axe.
* * * LOW HITPOINT WARNING * * *
The hound attacks as you move away! The hound bites you.
* * * LOW HITPOINT WARNING * * *
The orc attacks as you move away! The orc closely misses you.
The hound completely misses you. The hound barely misses you.
The hound bites you.
* * * LOW HITPOINT WARNING * * *
Really quaff the potion of lignification?
You turn into a tree.
Your +0 robe melds into your body.
Your roots penetrate the ground.
The hound bites you but does no damage. The hound barely misses you.
You slash the kobold brigand! You burn the kobold brigand.
You kill the kobold brigand!
The hound bites you but does no damage. x3
The orc hits you but does no damage.
You have reached level 8!
You feel stronger.
You barely miss the orc. The hound bites you.
* * * LOW HITPOINT WARNING * * *
The hound bites you.
* * * LOW HITPOINT WARNING * * *
The orc hits you but does no damage. The hound bites you but does no damage.
The orc hits you but does no damage.
You miss the hound.
The hound is lightly wounded.
The hound bites you but does no damage. x2
The orc hits you but does no damage. The hound bites you but does no damage.
The orc hits you but does no damage.
You slash the hound! You burn the hound.
The hound is severely wounded.
The hound stops to sniff the ground.
The hound bites you but does no damage. x2
The orc hits you but does no damage. The hound barely misses you.
The orc hits you with a +0 hand axe.
You die...

#.# #.## ##.# #.###
#..†## ##<..##
##...# #...# ##♣.#
.. #ho# . #K## K#
#K## )# #o.# .)#
##..# #..# ##...##
####oK.#
####.....###.o.)..#
##....>.....o.K....#


You could see a hound, 2 orcs and 2 kobolds.

Vanquished Creatures
  A black bear (D:4)
  A phantom (D:5)
  A kobold brigand (D:6)
  A scorpion (D:5)
  A howler monkey (D:5)
  3 hounds
  An orc priest (D:5)
  5 jellies
  An iguana (D:4)
  3 orc wizards
  3 gnolls (D:2)
  3 adders
  A white imp (D:6)
  A dart slug (D:3)
  11 orcs
  4 bats
  10 endoplasms
  2 giant cockroaches
  5 goblins
  4 hobgoblins
  7 jackals
  5 kobolds
  5 quokkas
  5 ball pythons
  A frilled lizard (D:1)
  5 rats
90 creatures vanquished.

Vanquished Creatures (others)
  235 foxfires
235 creatures vanquished.

Grand Total: 325 creatures vanquished

Notes
Turn   | Place    | Note
-------+----------+-------------------------------------------
     0 | D:1      | GimliDwarf the Tengu Fire Elementalist began the quest for
                  | the Orb.
     0 | D:1      | Reached XP level 1. HP: 10/10 MP: 4/4
   288 | D:1      | Reached XP level 2. HP: 15/15 MP: 4/6
  1237 | D:2      | Reached XP level 3. HP: 19/19 MP: 5/7
  1261 | D:1      | Learned a level 2 spell: Scorch
  1493 | D:2      | Found a faded altar of an unknown god.
  1614 | D:2      | Reached XP level 4. HP: 17/24 MP: 1/9
  2122 | D:3      | Gained mutation: Your magical nature lets you fly swiftly
                  | and evasively. [Tengu growth]
  2122 | D:3      | Reached XP level 5. HP: 28/28 MP: 3/10
  2371 | D:3      | Found a shimmering altar of Xom.
  3127 | D:4      | Noticed a black bear
  3137 | D:4      | Killed a black bear
  3138 | D:4      | Reached XP level 6. HP: 24/33 MP: 3/12
  3271 | D:4      | Found an iron altar of Okawaru.
  3443 | D:4      | Found a snail-covered altar of Cheibriados.
  3662 | D:4      | Reached skill level 5 in Fire Magic
  3796 | D:5      | Entered Level 5 of the Dungeon
  4011 | D:4      | Learned a level 2 spell: Static Discharge
  4023 | D:5      | Reached XP level 7. HP: 31/37 MP: 10/14
  4254 | D:5      | Reached skill level 1 in Armour
  4312 | D:5      | Reached skill level 5 in Conjurations
  4753 | D:6      | HP: 1/37 [hound (3)]
  4756 | D:6      | Reached XP level 8. HP: 3/42 MP: 14/16
  4758 | D:6      | Slain by an orc

Illustrated notes

Levels and vault maps discovered:
D:1:      amcnicky_arrival_abandoned_market, layout_loops_corners, hex_large
D:2:      layout_rooms, ebering_ecumenical_altar_box, hangedman_feature_mirror,
          st_stairs_5
D:3:      layout_rooms, dk_xom_monty_hall
D:4:      layout_basic, okawaru_trees_2, mainiacjoe_overflow_boulevard,
          serial_bayou_lagoon_b
D:5:      layout_rooms
D:6:      layout_layer_cave, kennysheep_little_box, temple_green, uniq_duvessa,
          uniq_prince_ribbit1

Skill      XL: |  1  2  3  4  5  6  7 |
---------------+----------------------+-----
Fire Magic     | 4 5 |  5.8
Conjurations   | 2 4 5 |  5.3
Spellcasting   | 3 4 |  4.8
Dodging        | 3 |  3.4
Armour         | 2 |  2.4
Fighting       | |  0.7
Long Blades    | |  0.2
Stealth        | |  2.2
Air Magic      | |  0.9

Action                     |  1- 3 |  4- 6 |  7- 9 || total
---------------------------+-------+-------+-------++-------
  Melee: Kick              |     5 |     2 |     1 ||     8
         Unarmed           |     1 |       |       ||     1
         Dagger            |    17 |     2 |       ||    19
         Peck              |     2 |     1 |       ||     3
         Falchion          |       |     7 |    17 ||    24
  Throw: Dart              |       |     1 |       ||     1
   Cast: Foxfire           |    53 |    60 |    28 ||   141
         Scorch            |     2 |    17 |     8 ||    27
         Static Discharge  |       |       |     2 ||     2
  Evoke: Wand              |       |     2 |       ||     2
    Use: Scroll            |       |    11 |     6 ||    17
         Potion            |       |       |     4 ||     4
 Armour: Robe              |     6 |     4 |     4 ||    14
         Skin              |       |       |    16 ||    16
  Dodge: Dodged            |    28 |    20 |    27 ||    75
